 Dungeon Crawl Stone Soup version 0.14-a0-1837-g7fb8695 (webtiles) character file.

395 Duskembrace the Ducker (level 4, -2/20 HPs)
             Began as a Felid Monk on Jan 11, 2014.
             Killed from afar by an orc wizard (8 damage)
             ... with a magic dart
             ... on Level 4 of the Dungeon.
             The game lasted 00:16:21 (4546 turns).

Duskembrace the Ducker (Felid Monk)                 Turns: 4546, Time: 00:16:21

HP  -2/20        AC  1     Str  8      XL: 4   Next: 90%
MP   7/7         EV 22     Int 12      God:
Gold 265         SH  0     Dex 18      Spells:  0 memorised,  3 levels left
Lives: 0, deaths: 1

rFire  . . .     SeeInvis +       - Unarmed
rCold  . . .     Clarity  .     (armour unavailable)
rNeg   . . .     Conserve .     (shield unavailable)
rPois  .         rCorr    .     (helmet unavailable)
rElec  .         rRot     .     (cloak unavailable)
SustAb . .       Spirit   .     (gloves unavailable)
rMut   .         Warding  .     (boots unavailable)
Saprov . . .     Stasis   .     (no amulet)
                                (no ring)
                                s - ring of invisibility

@: quick, slightly resistant to hostile enchantments, very stealthy
A: paw claws, no armour, no advanced items, fangs 3, see invisible, carnivore 3,
speed 1, shaggy fur 1, slow metabolism 1, jump 1
a: Jump Attack, Evoke Invisibility


You were on level 4 of the Dungeon.
You were not hungry.

You visited 1 branch of the dungeon, and saw 4 of its levels.

You collected 265 gold pieces.

Inventory:

Comestibles
 b - 3 meat rations
 j - a bread ration
 t - an apple
Scrolls
 a - 2 scrolls of magic mapping {unknown}
 c - a scroll of enchant weapon I {unknown}
 e - a scroll of noise {unknown}
 f - 4 scrolls of remove curse {unknown}
 g - 8 scrolls of identify {unknown}
 n - 2 scrolls of teleportation {unknown}
 o - a scroll of blinking {unknown}
 q - a scroll of random uselessness {unknown}
 r - 2 scrolls of fear {unknown}
 v - a scroll of enchant armour {unknown}
 w - a scroll of curse weapon {unknown}
 x - a scroll of enchant weapon II {unknown}
Jewellery
 s - a ring of invisibility (left paw)
Potions
 d - a potion of resistance {unknown}
 h - a potion of invisibility {unknown}
 i - a potion of beneficial mutation {unknown}
 k - a potion of magic {unknown}
 l - a potion of heal wounds {unknown}
 m - a potion of curing
 u - a potion of berserk rage {unknown}
Books
 p - a book of Enchantments

   Spells                             Type                      Level
   Cause Fear                         Hexes                        4
   Silence                            Hexes/Air                    5
   Tukima's Dance                     Hexes                        5
   Deflect Missiles                   Charms/Air                   6
   Haste                              Charms                       6
   Discord                            Hexes                        8


   Skills:
 + Level 2.8 Fighting
 + Level 6.2 Dodging
 + Level 4.9 Stealth
 + Level 4.2 Unarmed Combat


You had 3 spell levels left.
You didn't know any spells.

Dungeon Overview and Level Annotations

Branches:
Dungeon (4/16)
 Temple: D:4-7

Altars:

Annotations:
D:3 Piginabag's ghost, average NaFi


Innate Abilities, Weirdness & Mutations

You cannot wear armour.
You are incapable of any advanced item manipulation.
Your paws have sharp claws.
You have razor-sharp teeth.
You have supernaturally acute eyesight.
You are carnivorous and can eat meat at any time.
You cover ground quickly.
You are covered in fur (AC +1).
You have a slow metabolism.
You can jump attack at a short distance.


Message History

You die...
The orc wizard completely misses you.
You are now level 4!
You rejoin the land of the living...
Unknown command.
Unknown command.
The orc wizard casts a spell at you. The magic dart hits you!
You scratch the orc wizard.
The orc wizard begins to bleed from its wounds!
The orc wizard is almost dead.
The orc wizard closely misses you.
The orc wizard points at you and mumbles some strange words.
The magic dart hits you!
* * * LOW HITPOINT WARNING * * *
You closely miss the orc wizard. Your bite misses the orc wizard.
The orc wizard is almost dead.
The orc wizard casts a spell at you. The magic dart hits you!
You die...

#..# #...# #..#
#...# #..# #...#
#..#############....
#...................
#...................
#.##############..##
#.##############....
#..@o......%).......
####################


You could see an orc wizard (bleeding).

Vanquished Creatures
  2 worker ants (D:4)
  7 adders
  3 gnolls (D:3)
  A giant mite (D:3)
  A worm (D:2)
  A giant eyeball (D:4)
  A giant gecko (D:2)
  An ooze (D:3)
  3 orcs
  8 bats
  4 giant cockroaches
  10 goblins
  10 hobgoblins
  12 jackals
  10 kobolds
  5 giant newts
  3 quokkas
  9 rats
  A plant (D:1)
92 creatures vanquished.

Notes
Turn   | Place    | Note
--------------------------------------------------------------
     0 | D:1      | Duskembrace, the Felid Monk, began the quest for the Orb.
     0 | D:1      | Reached XP level 1. HP: 9/9 MP: 2/2
   181 | D:1      | Reached XP level 2. HP: 11/13 MP: 3/3
   584 | D:1      | Reached XP level 3. HP: 13/16 MP: 5/5
  1753 | D:2      | Reached skill level 5 in Dodging
  1830 | D:2      | Reached XP level 4. HP: 17/20 MP: 7/7
  2432 | D:3      | Noticed Piginabag's ghost (average NaFi)
  3034 | D:3      | HP: 1/20 [poisoned by an adder]
  3224 | D:3      | Reached XP level 5. HP: 23/23 MP: 8/8
  4248 | D:4      | Reached skill level 6 in Dodging
  4422 | D:4      | Paralysed by a giant eyeball for 2 turns
  4536 | D:4      | Slain by an orc wizard
  4537 | D:4      | Reached XP level 4. HP: -5/20 MP: 7/7
  4546 | D:4      | Killed from afar by an orc wizard

Action                   |  1- 3 |  4- 6 || total
-------------------------+-------+-------++-------
Melee: Unarmed           |   179 |   211 ||   390
  Use: Potion            |       |     2 ||     2
 Stab: Sleeping          |     9 |     5 ||    14
       Distracted        |     1 |       ||     1
